 Dungeon Crawl Stone Soup version 0.18-a0-1572-g0a86841 (webtiles) character file.

100 Ijustatesigmund the Insei (level 4, -3/31 HPs)
             Began as an Octopode Transmuter on Mar 15, 2016.
             Slain by an orc wizard
             ... wielding a +0 dagger
              (4 damage)
             ... on level 3 of the Dungeon.
             The game lasted 00:04:19 (1769 turns).

Ijustatesigmund the Insei (Octopode Transmuter)     Turns: 1769, Time: 00:04:19

Health: -3/31      AC:  1    Str:  9    XL:     4   Next: 74%
Magic:  7/7        EV: 18    Int: 16    God:
Gold:   158        SH:  0    Dex: 17    Spells: 3 memorised, 1 level left

rFire  . . .     SeeInvis .       - Unarmed
rCold  . . .     Gourm    .     (no shield)
rNeg   . . .     Faith    .     (helmet restricted)
rPois  .         Spirit   .     (no amulet)
rElec  .         Dismiss  .     (no ring)
rCorr  .         Reflect  .     (no ring)
SustAt .         Harm     .     (no ring)
MR     .....                    (no ring)
Stlth  ++++......               (no ring)
                                (no ring)
                                (no ring)
                                (no ring)

@: agile, appendage (expiring), not resistant to hostile enchantments, stealthy
A: almost no armour, amphibious, 8 rings, constrict 8, tentacle spike 3,
camouflage 1, gelatinous body 1
a: End Transformation


You were on level 3 of the Dungeon.
You were not hungry.
One of your tentacles had a temporary spike.
You visited 1 branch of the dungeon, and saw 3 of its levels.

You collected 158 gold pieces.

Inventory:

Missiles
 a - 12 arrows
Potions
 d - a potion of cure mutation
 e - a potion of lignification {unknown}
 f - a potion of flight {unknown}
 g - a potion of magic {unknown}
 h - a potion of agility
 j - a potion of curing
Books
 b - a book of Changes

   Spells                             Type                      Level
   a - Beastly Appendage              Transmutation                1
   b - Sticks to Snakes               Transmutation                2
   c - Spider Form                    Transmutation/Poison         3
   d - Ice Form                       Ice/Transmutation            4
   e - Blade Hands                    Transmutation                5
Comestibles
 c - 3 bread rations
 i - a meat ration


   Skills:
 + Level 3.0 Fighting
 - Level 2.0 Dodging
 + Level 4.2 Unarmed Combat
 - Level 2.0 Spellcasting
 + Level 2.2 Transmutations


You had one spell level left.
You knew the following spells:

 Your Spells              Type           Power        Failure   Level  Hunger
a - Beastly Appendage     Trmt           #.....       10%         1    #......
b - Sticks to Snakes      Trmt           #.......     14%         2    ###....
c - Spider Form           Trmt/Pois      #.........   38%         3    ###....


Dungeon Overview and Level Annotations

Branches:
Dungeon (3/15)

Altars:


Innate Abilities, Weirdness & Mutations

You cannot wear most types of armour.
You are amphibious.
You can wear up to eight rings at the same time.
You can use your tentacles to constrict eight enemies at once.
Your skin changes colour to match your surroundings (Stealth).
Your rubbery body absorbs attacks (AC +1).
One of your tentacles bears a large vicious spike.


Message History

Read which item? (? for menu, Esc to quit)
Okay, then.
You miss the orc wizard. Your grab misses the orc wizard.
You pierce the orc wizard, but do no damage.
You squeeze the orc wizard.
The orc wizard is almost dead.
The orc hits you with a club.
* * * LOW HITPOINT WARNING * * *
The orc wizard gestures at you while chanting.
The puff of flame hits you!
* * * LOW HITPOINT WARNING * * *
You barely miss the orc wizard. You grab the orc wizard.
The orc wizard is almost dead.
You constrict the orc wizard.
You kill the orc wizard!
Your Fighting skill increases to level 3!
The orc hits you with a club.
* * * LOW HITPOINT WARNING * * *
Something hits you.
You die...

#....## .....#.###
####...### .# #.##.#....
#........# .# #.#...<.##
#>##...#.# o# #.....#...
#.###.##.# .# #.#.....##
#.# #.##.# o# ##.##.#.##
#.# #.##(# .# #......<#
#.# #.##.#######o#
#..##..## #.#
#.........@o.####..##..#
###.#
####.##...)........##..#
....#
#(##.####.########..#
.†..# #.##.#
...........# ###.#
#)##.# ##########.# #.#
#.##.# #[# #.# #.##.#
#.# #.# #.##.# #.# ##.##
#.##.# #.#


You could see 2 orcs.

Vanquished Creatures
  An orc wizard (D:3)
  2 adders (D:2)
  An ooze (D:2)
  2 worms (D:2)
  A dart slug (D:2)
  A giant gecko (D:2)
  7 goblins
  2 hobgoblins (D:1)
  5 jackals
  A quokka (D:3)
  6 bats
  5 giant newts
  5 kobolds
  10 rats
49 creatures vanquished.

Notes
Turn   | Place    | Note
--------------------------------------------------------------
     0 | D:1      | Ijustatesigmund the Octopode Transmuter began the quest for the Orb.
     0 | D:1      | Reached XP level 1. HP: 13/13 MP: 3/3
   397 | D:1      | Reached XP level 2. HP: 16/18 MP: 3/5
   405 | D:1      | Learned a level 2 spell: Sticks to Snakes
   875 | D:2      | Reached XP level 3. HP: 8/24 MP: 6/6
  1401 | D:2      | Reached XP level 4. HP: 26/30 MP: 7/7
  1405 | D:2      | Reached skill level 4 in Unarmed Combat
  1410 | D:2      | Learned a level 3 spell: Spider Form
  1764 | D:3      | HP: 1/30 [orc priest/divine providence (14)]
  1769 | D:3      | HP: 1/31 [orc/club (1)]
  1769 | D:3      | Slain by an orc wizard

Vault maps used:
D:1:      co_arrival_square_in_a_square_in_a_square, minmay_hedge_maze

Skill      XL: |  1  2  3  4 |
---------------+-------------+-----
Fighting       | 2 3 |  3.0
Unarmed Combat | 4 |  4.2
Dodging        | |  2.0
Spellcasting   | |  2.0
Transmutations | |  2.2

Action                   |  1- 3 |  4- 6 || total
-------------------------+-------+-------++-------
Melee: Unarmed           |    74 |    27 ||   101
 Cast: Beastly Appendage |     3 |     3 ||     6
  Use: Scroll            |     3 |     2 ||     5
       Potion            |       |     2 ||     2
 Stab: Sleeping          |     4 |     2 ||     6
  Eat: Chunk             |     1 |     2 ||     3
